 Dungeon Crawl Stone Soup version 0.30.1-3-gfc49f6343a (webtiles) character file.

Game seed: 10973003043583732269

179 spardeous the Conjurer (level 5, -7/38 HPs)
             Began as a Demigod Conjurer on July 29, 2023.
             Mangled by a wraith (11 damage)
             ... in an ossuary.
             The game lasted 00:04:48 (4030 turns).

spardeous the Conjurer (Demigod Conjurer)           Turns: 4030, Time: 00:04:49

Health: -7/38      AC:  4    Str:  8    XL:     5   Next: 10%
Magic:  1/12       EV: 11    Int: 30    God:
Gold:   146        SH:  0    Dex: 12    Spells: 2/9 levels left

rFire   . . .        (no weapon)
rCold   . . .        (no shield)
rNeg    . . .        o - +0 leather armour
rPois   .            (no helmet)
rElec   .            c - +0 cloak
rCorr   .            (no gloves)
SInv    .            (no boots)
Will    .....        (no amulet)
Stlth   ++           r - +6 ring of intelligence
HPRegen 0.26/turn    (no ring)
MPRegen 0.13/turn

%: no passive effects
@: slowed, very slow
A: high MP 1, forlorn, divine attributes
a: no special abilities


You were in an ossuary.
You visited 1 branch of the dungeon, and saw 4 of its levels.
You also visited: Ossuary.

You collected 146 gold pieces.

Inventory:

Armour
 a - a +0 robe
 c - a +0 cloak (worn)
 o - a +0 leather armour (worn)
Jewellery
 r - a +6 ring of intelligence (left hand)
 v - a ring of resist corrosion
Wands
 u - a wand of light (10)
Scrolls
 d - 4 scrolls of identify {unknown}
 f - a scroll of immolation {unknown}
 h - 4 scrolls of teleportation {unknown}
 j - a scroll of noise {unknown}
 k - 2 scrolls of silence {unknown}
 l - 4 scrolls of amnesia {unknown}
 s - a scroll of vulnerability {unknown}
Potions
 b - 2 potions of magic
 e - 3 potions of mutation {unknown}
 g - 4 potions of attraction {unknown}
 i - 2 potions of curing {unknown}
 m - 2 potions of heal wounds {unknown}
 n - a potion of cancellation {unknown}
 p - 2 potions of degeneration {unknown}
 q - a potion of might {unknown}
 t - a potion of haste {unknown}
 w - 2 potions of lignification {unknown}
 x - a potion of brilliance {unknown}


   Skills:
 - Level 1.7 Dodging
 - Level 1.7 Stealth
 + Level 2.8 Spellcasting
 - Level 5.5 Conjurations
 + Level 0.1 Translocations


You had 2 spell levels left.
You knew the following spells:

 Your Spells              Type           Power      Damage    Failure   Level
a - Magic Dart            Conj           100%       1d8       1%          1
b - Searing Ray           Conj           74%        2d7       1%          2
c - Iskenderun's Mystic   Conj/Tloc      21%        2d6       32%         4

Your spell library contained the following spells:

 Spells                   Type           Power      Damage    Failure   Level
 Momentum Strike          Conj/Tloc      42%        3d9       4%          2
 Blink                    Tloc           8%         N/A       16%         2
 Lesser Beckoning         Tloc           8%         N/A       16%         2
 Dazzling Flash           Conj/Hex       40%        N/A       11%         3
 Fulminant Prism          Conj/Hex       10%        3d8       34%         4


Dungeon Overview and Level Annotations

Branches:
Dungeon (4/15)            Ossuary (1/1)
 Temple: D:4-7

Shops:
D:2 [


Innate Abilities, Weirdness & Mutations

You have an increased reservoir of magic. (+10% MP)
You shall have no god before yourself.
Your divine heritage dramatically boosts your attributes as you level up.


Message History

Casting: Searing Ray (safe; 1% risk of failure)
Confirm with . or Enter, or press ? or * to list all spells.
The spell is extremely dangerous to miscast (32% risk of failure)!
Continue anyway?
You erupt in a blast of force!
The mystic blast hits the wraith!
The wraith is heavily damaged.
The wraith is knocked back by the mystic blast.
You now have 4/12 mp.
Casting: Iskenderun's Mystic Blast (extremely dangerous; 32% risk of failure)
Confirm with . or Enter, or press ? or * to list all spells.
Aiming: Searing Ray (safe; 1% risk of failure)
Press: ? - help, Shift-Dir - straight line, f/p - wraith
Aim: a wraith (heavily damaged, 81% to hit)
The searing ray hits the wraith but does no damage.
The wraith is heavily damaged. (Press . to maintain the ray.)
The wraith hits you!
You take 6 damage, and have 20/38 hp.
You now have 3/12 mp.
The searing ray hits the wraith.
The wraith is severely damaged.
The wraith hits you!
* * * LOW HITPOINT WARNING * * *
The wraith drains your vigour!
You feel as though you will be slow longer.
The wraith hits you!
* * * LOW HITPOINT WARNING * * *
The wraith drains your vigour!
You feel as though you will be slow longer.
You take 16 damage, and have 4/38 hp.
MASSIVE DAMAGE!!
You now have 2/12 mp.
Casting: Searing Ray (safe; 1% risk of failure)
Confirm with . or Enter, or press ? or * to list all spells.
You don't have enough magic to cast this spell.
Casting: Searing Ray (safe; 1% risk of failure)
Confirm with . or Enter, or press ? or * to list all spells.
Aiming: Magic Dart (safe; 1% risk of failure)
Press: ? - help, Shift-Dir - straight line, f/p - wraith
Aim: a wraith (severely damaged, 100% to hit)
The magic dart hits the wraith but does no damage.
The wraith is severely damaged.
The wraith hits you!
You die...

#####+#####
##..W......#
##..@##'##...#
##...##...## .
#...##.???.## .
+...#W..?.?.# ..
#...##.?!..##...
##...##...##...#
##...#####...# .
.##.........##...
..#####'#####....


You could see a wraith.

Vanquished Creatures
  A mummy (Ossuary)
  4 gnolls (D:4)
  4 adders
  A worm (D:3)
  3 dart slugs
  2 endoplasms
  5 giant cockroaches
  8 goblins
  6 hobgoblins
  6 jackals (D:3)
  7 kobolds
  3 quokkas (D:1)
  7 ball pythons
  8 bats
  3 frilled lizards
  4 gnoll skeletons (Ossuary)
  4 kobold skeletons (Ossuary)
  7 orc skeletons (Ossuary)
  3 rats
86 creatures vanquished.

Notes
Turn   | Place    | Note
-------+----------+-------------------------------------------
     0 | D:1      | spardeous the Demigod Conjurer began the quest for the Orb.
     0 | D:1      | Reached XP level 1. HP: 14/14 MP: 5/5
   145 | D:1      | Reached skill level 4 in Conjurations
   225 | D:1      | Reached XP level 2. HP: 20/20 MP: 5/7
  1184 | D:2      | Found Byeleozy's Armour Shop.
  1255 | D:2      | Reached XP level 3. HP: 26/26 MP: 2/8
  1258 | D:2      | Learned a level 2 spell: Searing Ray
  2247 | D:3      | Reached skill level 5 in Conjurations
  2633 | D:3      | Reached XP level 4. HP: 33/33 MP: 6/9
  3567 | D:4      | Found a sand-covered staircase.
  3571 | Ossuary  | Entered an ossuary
  3571 | Ossuary  | Noticed a wraith
  3571 | Ossuary  | Noticed a wraith
  3571 | Ossuary  | Noticed a wraith
  3698 | Ossuary  | Reached XP level 5. HP: 38/38 MP: 0/11
  3893 | Ossuary  | Learned a level 4 spell: Iskenderun's Mystic Blast
  3994 | Ossuary  | Noticed a wraith
  4030 | Ossuary  | Mangled by a wraith

Illustrated notes

Levels and vault maps discovered:
D:1:      eino_arrival_cavern_d, layout_loops_ring, minmay_small_reverse_x
D:2:      layout_loops_cross, serial_shops, shop
D:3:      layout_basic, mainiacjoe_overflow_catwalk, corexii_leaking_fountain
D:4:      layout_layer_cave, nicolae_overflow_hallway_of_the_gods,
          lemuel_tele_altar, nicolae_ossuary_entry_false_entrances
Ossuary:  ossuary_due_mausoleum

Skill      XL: |  1  2  3 |
---------------+----------+-----
Conjurations   | 4 5 |  5.5
Spellcasting   | 2 |  2.8
Dodging        | |  1.7
Stealth        | |  1.7
Translocations | |  0.1

Action                     |  1- 3 |  4- 6 || total
---------------------------+-------+-------++-------
  Melee: Unarmed           |     6 |     2 ||     8
   Cast: Magic Dart        |   114 |    38 ||   152
         Searing Ray       |       |    11 ||    11
         Iskenderun's Myst |       |     1 ||     1
 Armour: Robe              |     2 |       ||     2
         Leather armour    |     6 |     7 ||    13
  Dodge: Dodged            |    15 |    11 ||    26
